 Dungeon Crawl Stone Soup version 0.28-a0-863-g8cecda6153 (webtiles) character file.

Game seed: 3479072895404691005

25 ytrimaz the Skirmisher (level 2, 0/24 HPs)
             Began as a Demonspawn Fighter on Nov 18, 2021.
             Slain by an endoplasm (3 damage)
             ... on level 2 of the Dungeon.
             The game lasted 00:00:47 (1159 turns).

ytrimaz the Skirmisher (Demonspawn Fighter)         Turns: 1159, Time: 00:00:48

Health: 0/24       AC: 13    Str: 16    XL:     2   Next: 86%
Magic:  2/2        EV:  9    Int:  9    God:
Gold:   63         SH:  4    Dex: 12    Spells: 1/1 levels left

rFire   . . .      SeeInvis .   a - +0 rapier
rCold   . . .      Faith    .   c - +0 buckler
rNeg    . . .      Spirit   .   b - +0 scale mail
rPois   .          Reflect  .   (no helmet)
rElec   .          Harm     .   (no cloak)
rCorr   .          Rampage  .   g - +0 pair of gloves
Will    .....                   (no boots)
Stlth   ..........              (no amulet)
HPRegen 0.08/turn               (no ring)
MPRegen 0.08/turn               (no ring)

@: sanguine armoured
A: sanguine armour 1
a: no special abilities


You were on level 2 of the Dungeon.
You visited 1 branch of the dungeon, and saw 2 of its levels.

You collected 63 gold pieces.

Inventory:

Hand Weapons
 a - a +0 rapier (weapon)
Armour
 b - a +0 scale mail (worn)
 c - a +0 buckler (worn)
 g - a +0 pair of gloves (worn)
Potions
 d - a potion of might
 e - 3 potions of resistance {unknown}
 f - a potion of attraction {unknown}
 h - 2 potions of flight {unknown}


   Skills:
 + Level 3.3 Fighting
 - Level 1.7 Short Blades
 + Level 3.1 Armour
 + Level 3.0 Shields


You had one spell level left.
You didn't know any spells.
Your spell library was empty.

Dungeon Overview and Level Annotations

Branches:
Dungeon (2/15)

Altars:


Innate Abilities, Weirdness & Mutations

When seriously injured, your bleeding wounds create armour. (AC +6)


Message History

The endoplasm is moderately wounded.
The hound skeleton bites you.
Your blood congeals into armour.
The endoplasm misses you.
The hound skeleton bites you but does no damage.
You hit the endoplasm but do no damage.
The endoplasm is moderately wounded.
You block the endoplasm's attack. You block the hound skeleton's attack.
You barely miss the endoplasm.
The endoplasm is moderately wounded.
The hound skeleton bites you.
The endoplasm hits you but does no damage.
The hound skeleton closely misses you. The endoplasm freezes you.
You are frozen.
You hit the hound skeleton.
The hound skeleton is lightly damaged.
The hound skeleton bites you but does no damage.
The endoplasm freezes you.
You are frozen.
You hit the hound skeleton.
The hound skeleton is moderately damaged.
The hound skeleton bites you but does no damage.
The endoplasm barely misses you.
The hound skeleton bites you but does no damage.
Unknown command.
You barely miss the hound skeleton.
The hound skeleton is moderately damaged.
The hound skeleton bites you but does no damage.
The endoplasm closely misses you.
You closely miss the hound skeleton.
The hound skeleton is moderately damaged.
The hound skeleton barely misses you. The endoplasm freezes you.
You are frozen.
* * * LOW HITPOINT WARNING * * *
You hit the hound skeleton.
The hound skeleton is heavily damaged.
The hound skeleton bites you but does no damage.
The endoplasm hits you.
You die...

#. #..... #.. .. ..... ...
.. ...## #.# #. #..# #.#
.. #..##### #.#
#.#####......#####.#
#.....#.####.......######
##.##....########.........
#.##....#......@...#####.
#.##....#.....JZ...#
#.##....#..........#
##.###...#..........# ...#
#...#............ ####
#...#..........### #
#...#......$...# #
#..........# #


You could see an endoplasm and a hound skeleton.

Vanquished Creatures
  A dart slug (D:1)
  4 bats
  An endoplasm (D:1)
  4 goblins
  2 hobgoblins
  A quokka (D:1)
  3 ball pythons (D:1)
  4 kobolds
  3 rats
23 creatures vanquished.

Notes
Turn   | Place    | Note
-------+----------+-------------------------------------------
     0 | D:1      | ytrimaz the Demonspawn Fighter began the quest for the Orb.
     0 | D:1      | Reached XP level 1. HP: 18/18 MP: 1/1
   499 | D:1      | Found a faded altar of an unknown god.
   554 | D:1      | Gained mutation: When seriously injured, your bleeding
                  | wounds create armour. (AC +6) [demonic ancestry]
   554 | D:1      | Reached XP level 2. HP: 24/24 MP: 2/2
  1159 | D:2      | Slain by an endoplasm

Illustrated notes

Levels and vault maps discovered:
D:1:      wander_arrival_desolate, layout_loops_corners,
          shapermc_ecumenical_altar_mp_urbaneastern,
          hangedman_decor_clover_reticule
D:2:      layout_rooms

Skill      XL: |  1  2 |
---------------+-------+-----
Armour         | 3 |  3.1
Shields        | 3 |  3.0
Fighting       | |  3.3
Short Blades   | |  1.7

Action                   || total
-------------------------++-------
Melee: Rapier            ||    79
  Use: Scroll            ||     2
Armor: Scale mail        ||    37
Dodge: Dodged            ||    32
Block: Buckler           ||    11

Table legend: (Time is in decaauts)
 A = Elapsed time spent in this place.
 B = Non-inter-level travel time spent in this place.
 C = Inter-level travel time spent in this place.
 D = Time resting spent in this place.
 E = Time spent auto-exploring this place.
 F = Levels seen in this place.
 G = Mean time per level.
                   A        B        C        D        E       F      G
               +--------+--------+--------+--------+--------+-----+--------+
         Total |   1169 |   1137 |     32 |      0 |    972 |   2 |  584.5 |
       Dungeon |   1169 |   1137 |     32 |      0 |    972 |   2 |  584.5 |
               +--------+--------+--------+--------+--------+-----+--------+

Top non-repeatable levels by time:
     D:1: 1049 daAuts
     D:2: 120 daAuts
